 Dungeon Crawl Stone Soup version 0.30-a0-374-g95c0257040 (webtiles) character file.

Game seed: 13509420787936019313

7 arthad the Firebug (level 2, 0/17 HPs)
             Began as an Octopode Fire Elementalist on Nov 26, 2022.
             Slain by a jackal (1 damage)
             ... on level 2 of the Dungeon.
             The game lasted 00:01:54 (312 turns).

arthad the Firebug (Octopode Fire Elementalist)      Turns: 312, Time: 00:01:55

Health: 0/17       AC:  1    Str:  7    XL:     2   Next: 4%
Magic:  5/5        EV: 13    Int: 17    God:
Gold:   28         SH:  0    Dex: 12    Spells: 4/5 levels left

rFire   . . .      SeeInvis .    (no weapon)
rCold   . . .      Faith    .    (no shield)
rNeg    . . .      Spirit   .    (helmet restricted)
rPois   .          Reflect  .    (no amulet)
rElec   .          Harm     .    (no ring)
rCorr   .          Rampage  .    (no ring)
Will    .....                    (no ring)
Stlth   +++.......               (no ring)
HPRegen 0.22/turn                (no ring)
MPRegen 0.09/turn                (no ring)
                                 (no ring)
                                 (no ring)

@: no status effects
A: almost no armour, amphibious, 8 rings, camouflage 1, gelatinous body 1,
(nimble swimmer 1), tentacles
a: no special abilities


You were on level 2 of the Dungeon.
You visited 1 branch of the dungeon, and saw 2 of its levels.

You collected 28 gold pieces.

Inventory:

Scrolls
 b - a scroll of identify {unknown}
Potions
 a - a potion of magic


   Skills:
 + Level 2.0 Dodging
 + Level 2.7 Stealth
 * Level 2.0 Spellcasting
 * Level 1.0 Conjurations
 * Level 3.4 Fire Magic


You had 4 spell levels left.
You knew the following spells:

 Your Spells              Type           Power      Damage    Failure   Level
a - Foxfire               Conj/Fire      36%        2x1d5     8%          1

Your spell library contained the following spells:

 Spells                   Type           Power      Damage    Failure   Level
 Scorch                   Fire           26%        2d6       7%          2
 Freeze                   Ice            4%         1d3       19%         1
 Inner Flame              Hex/Fire       7%         N/A       28%         3
 Kindle Blastsparks       Fire/Tloc/Air  10%        2d10      34%         3
 Hailstorm                Conj/Ice       3%         3d3       43%         3
 Frozen Ramparts          Ice            2%         1d1       50%         3
 Flame Wave               Conj/Fire      9%         2d6       58%         4


Dungeon Overview and Level Annotations

Branches:
Dungeon (1/15)

Altars:


Innate Abilities, Weirdness & Mutations

You cannot wear most types of armour.
You are amphibious.
You can wear up to eight rings at the same time.
Your skin changes colour to match your surroundings (Stealth+).
Your rubbery body absorbs attacks. (AC +1, EV +1)
((You are camouflaged when in or above water. (Stealth+)))
You have tentacles for arms and can constrict up to eight enemies at once.


Message History

The jackal misses you.
The jackal bites you but does no damage.
The jackal closely misses you.
The hobgoblin hits you but does no damage.
The jackal bites you. The jackal barely misses you.
The jackal attacks as you move away! The jackal barely misses you.
The jackal bites you. The jackal attacks as you move away!
The jackal misses you. The jackal barely misses you.
The jackal attacks as you move away! The jackal closely misses you.
Found a book of Frost and 11 gold pieces.
Found a golden potion and a scroll labelled OSIGEIXTUDON.
The jackal closely misses you. The jackal attacks as you move away!
The jackal closely misses you.
Found a stone staircase leading down.
The jackal bites you.
The jackal bites you but does no damage.
You see here a book of Frost.
You pick up a book of Frost and begin reading...
You add the spells Freeze, Frozen Ramparts and Hailstorm to your library.
The jackal bites you. The jackal closely misses you.
The hobgoblin attacks as you move away! The hobgoblin closely misses you.
Found a golden potion.
The jackal bites you. The jackal attacks as you move away!
The jackal bites you. The jackal closely misses you.
Found a leather armour.
An adder comes into view.
Found a stone staircase leading up.
The jackal closely misses you.
A worm comes into view.
Found 8 gold pieces.
The worm bites you. The jackal barely misses you.
The jackal attacks as you move away! The jackal bites you.
* * * LOW HITPOINT WARNING * * *
The jackal attacks as you move away! The jackal bites you.
* * * LOW HITPOINT WARNING * * *
The jackal bites you but does no damage.
The kobold throws a stone.
The stone hits you.
* * * LOW HITPOINT WARNING * * *
The jackal bites you.
You die...

...# .....#......#
...# ... #......#
!.# #.# #..[...#
.######.###.....S#
...........K.....#
#######.###!.....#
#.# #..g...# #.#
#..w...# #.#
#.$..h@# ..#
#......# .##
###..### . ##.#
..# .... ...#. ...


You could see a worm, an adder (asleep), a jackal, a hobgoblin and a kobold.

Vanquished Creatures
  A bat (D:1)
  A goblin (D:1)
  A hobgoblin (D:1)
  2 jackals (D:2)
  A rat (D:1)
6 creatures vanquished.

Vanquished Creatures (others)
  14 foxfires
14 creatures vanquished.

Grand Total: 20 creatures vanquished

Notes
Turn   | Place    | Note
-------+----------+-------------------------------------------
     0 | D:1      | arthad the Octopode Fire Elementalist began the quest for
                  | the Orb.
     0 | D:1      | Reached XP level 1. HP: 11/11 MP: 3/3
   247 | D:1      | You fall into a shaft and drop 1 floor!
   260 | D:2      | Reached XP level 2. HP: 11/17 MP: 1/5
   312 | D:2      | Slain by a jackal

Illustrated notes

Levels and vault maps discovered:
D:1:      minmay_arrival_four_loops, layout_loops_ring, serial_shops, shop
D:2:      minmay_diamond_boxcup, layout_rooms, basic_altar

Action                   || total
-------------------------++-------
Melee: Unarmed           ||     5
       Constrict         ||     1
       Tentacles         ||     1
 Cast: Foxfire           ||     8
Armor: Skin              ||     6
Dodge: Dodged            ||    24

Table legend: (Time is in decaauts)
 A = Elapsed time spent in this place.
 B = Non-inter-level travel time spent in this place.
 C = Inter-level travel time spent in this place.
 D = Time resting spent in this place.
 E = Time spent auto-exploring this place.
 F = Levels seen in this place.
 G = Mean time per level.
                   A        B        C        D        E       F      G
               +--------+--------+--------+--------+--------+-----+--------+
         Total |    311 |    311 |      0 |      0 |    220 |   2 |  155.5 |
       Dungeon |    311 |    311 |      0 |      0 |    220 |   2 |  155.5 |
               +--------+--------+--------+--------+--------+-----+--------+

Top non-repeatable levels by time:
     D:1: 247 daAuts
     D:2: 64 daAuts
